[ AOE2 MATCH · #469738947 ]
1v1 RMAztecs vs Maya
Player's team · WIN
Rival team · LOSS
[ REPLAY ANALYSIS · EXTRACTED FROM THE RECORDED GAME ]
Feudal
9:00
Castle
21:29
Imperial
—
| APM avg | 38.8 |
| APM peak | 74 |
| eAPM avg | 22.6 |
| Villagers / military | 91 / 127 |
Focus
⚔️ 33.2% · 🌾 66.8%
Eagle Scout ×124 · Battering Ram ×3
Feudal
9:00
Castle
20:36
Imperial
—
| APM avg | 56.6 |
| APM peak | 131 |
| eAPM avg | 22.1 |
| Villagers / military | 132 / 108 |
Focus
⚔️ 38.2% · 🌾 61.8%
Archer ×69 · Eagle Scout ×32 · Militia ×4 · Skirmisher ×2 · Battering Ram ×1
Match map
Initial resources + every placement click. Lines = walls · curves = elevation contours. ◆ gold · ⬟ stone · ● berries · ✦ relic · ◌ wall gap
Your base· ✓ Closed at 21:29 · 48t walls · no gate
Borya's base· ✓ Closed at 20:36 · 19t walls · 1 gate(s)
Smoothed initial terrain · ◌ = detected wall gap · hover for details
Inputs per minute
— Atula King - - Borya
Build order — Atula King
First 150 of 327 actions detected
| 0:01 | Create | Villager (Male) |
| 0:02 | Build | House |
| 0:04 | Build | House |
| 0:10 | Create | Villager (Male) |
| 0:10 | Create | Villager (Male) |
| 0:19 | Create | Villager (Male) |
| 0:20 | Create | Villager (Male) |
| 1:17 | Create | Villager (Male) |
| 1:48 | Build | Lumber Camp |
| 2:03 | Create | Villager (Male) |
| 2:07 | Create | Villager (Male) |
| 2:48 | Create | Villager (Male) |
| 2:48 | Create | Villager (Male) |
| 3:21 | Create | Villager (Male) |
| 3:21 | Create | Villager (Male) |
| 3:26 | Build | House |
| 3:46 | Create | Villager (Male) |
| 3:47 | Create | Villager (Male) |
| 3:47 | Create | Villager (Male) |
| 4:33 | Create | Villager (Male) |
| 4:33 | Create | Villager (Male) |
| 4:46 | Create | Villager (Male) |
| 4:46 | Create | Villager (Male) |
| 4:47 | Create | Villager (Male) |
| 4:47 | Create | Villager (Male) |
| 4:51 | Build | Mill |
| 5:49 | Research | Loom |
| 6:40 | Build | Mill |
| 6:50 | Research | Feudal Age |
| 7:46 | Build | House |
| 8:05 | Create | Villager (Male) |
| 8:41 | Build | Barracks |
| 8:47 | Create | Villager (Male) |
| 9:00 | Age | Feudal Age |
| 9:01 | Research | Double-Bit Axe |
| 9:01 | Research | Double-Bit Axe |
| 9:24 | Create | Eagle Scout |
| 9:33 | Create | Villager (Male) |
| 9:39 | Build | Mining Camp |
| 9:46 | Create | Villager (Male) |
| 10:00 | Build | House |
| 10:07 | Create | Eagle Scout |
| 10:17 | Build | House |
| 10:19 | Build | Palisade Wall |
| 10:24 | Build | Palisade Wall |
| 10:27 | Create | Villager (Male) |
| 10:46 | Create | Villager (Male) |
| 10:54 | Create | Eagle Scout |
| 11:05 | Build | Farm |
| 11:08 | Build | Farm |
| 11:13 | Create | Villager (Male) |
| 11:33 | Create | Villager (Male) |
| 11:36 | Build | Farm |
| 11:45 | Build | Farm |
| 11:45 | Create | Villager (Male) |
| 11:51 | Build | House |
| 11:53 | Build | Farm |
| 12:00 | Create | Villager (Male) |
| 12:02 | Build | Farm |
| 12:06 | Build | Farm |
| 12:08 | Create | Villager (Male) |
| 12:25 | Create | Villager (Male) |
| 12:29 | Build | House |
| 12:36 | Create | Eagle Scout |
| 12:42 | Build | Farm |
| 12:42 | Create | Villager (Male) |
| 13:06 | Build | House |
| 13:08 | Create | Villager (Male) |
| 13:13 | Build | Palisade Wall |
| 13:16 | Build | Palisade Wall |
| 13:31 | Create | Villager (Male) |
| 13:48 | Build | Blacksmith |
| 13:56 | Build | Palisade Wall |
| 13:59 | Create | Villager (Male) |
| 14:09 | Create | Villager (Male) |
| 14:15 | Build | Farm |
| 14:26 | Create | Eagle Scout |
| 14:34 | Create | Villager (Male) |
| 14:37 | Build | Farm |
| 14:43 | Research | Horse Collar |
| 14:45 | Create | Villager (Male) |
| 14:47 | Create | Eagle Scout |
| 15:01 | Build | Farm |
| 15:04 | Create | Villager (Male) |
| 15:14 | Build | Farm |
| 15:22 | Build | Farm |
| 15:22 | Create | Villager (Male) |
| 15:25 | Build | Palisade Wall |
| 15:35 | Create | Eagle Scout |
| 15:36 | Create | Villager (Male) |
| 15:56 | Build | Farm |
| 15:59 | Build | Farm |
| 15:59 | Create | Villager (Male) |
| 16:14 | Create | Eagle Scout |
| 16:17 | Research | Scale Mail Armor |
| 16:21 | Build | House |
| 16:21 | Create | Villager (Male) |
| 16:26 | Build | Lumber Camp |
| 16:36 | Create | Eagle Scout |
| 16:40 | Create | Villager (Male) |
| 16:45 | Build | Farm |
| 16:50 | Build | House |
| 17:04 | Create | Villager (Male) |
| 17:08 | Build | Palisade Wall |
| 17:10 | Create | Eagle Scout |
| 17:24 | Create | Villager (Male) |
| 17:36 | Build | House |
| 17:52 | Create | Eagle Scout |
| 18:01 | Build | Market |
| 18:17 | Create | Eagle Scout |
| 18:21 | Build | House |
| 18:29 | Create | Eagle Scout |
| 18:41 | Create | Villager (Male) |
| 18:49 | Research | Castle Age |
| 19:03 | Build | Palisade Wall |
| 19:06 | Build | Farm |
| 19:11 | Create | Eagle Scout |
| 19:13 | Build | Barracks |
| 19:21 | Build | Barracks |
| 19:23 | Create | Eagle Scout |
| 19:29 | Research | Forging |
| 19:30 | Research | Gold Mining |
| 19:44 | Create | Eagle Scout |
| 19:52 | Create | Eagle Scout |
| 19:59 | Create | Eagle Scout |
| 20:03 | Build | Watch Tower |
| 20:21 | Create | Eagle Scout |
| 20:28 | Create | Eagle Scout |
| 20:40 | Create | Eagle Scout |
| 20:47 | Build | Farm |
| 21:10 | Create | Eagle Scout |
| 21:11 | Create | Villager (Male) |
| 21:13 | Create | Villager (Male) |
| 21:27 | Build | House |
| 21:28 | Build | House |
| 21:29 | Age | Castle Age |
| 21:32 | Research | Eagle Warrior (upgrade) |
| 21:34 | Research | Gambesons |
| 21:35 | Research | Gambesons |
| 21:36 | Research | Squires |
| 21:38 | Create | Eagle Scout |
| 21:42 | Create | Eagle Scout |
| 21:48 | Research | Chain Mail Armor |
| 21:48 | Create | Villager (Male) |
| 22:12 | Create | Eagle Scout |
| 22:15 | Create | Villager (Male) |
| 22:26 | Build | Lumber Camp |
| 22:33 | Create | Eagle Scout |
| 22:44 | Create | Eagle Scout |
| 22:48 | Build | Farm |
Build order — Borya
First 150 of 365 actions detected
| 0:00 | Research | Loom |
| 0:02 | Build | House |
| 0:04 | Build | House |
| 0:08 | Create | Villager (Male) |
| 0:09 | Create | Villager (Male) |
| 0:11 | Create | Villager (Male) |
| 1:36 | Create | Villager (Male) |
| 2:15 | Create | Villager (Male) |
| 2:33 | Create | Villager (Male) |
| 3:04 | Create | Villager (Male) |
| 3:07 | Create | Villager (Male) |
| 3:34 | Build | House |
| 3:49 | Create | Villager (Male) |
| 3:59 | Build | Lumber Camp |
| 4:00 | Create | Villager (Male) |
| 4:01 | Create | Villager (Male) |
| 4:37 | Create | Villager (Male) |
| 4:37 | Create | Villager (Male) |
| 4:37 | Create | Villager (Male) |
| 5:22 | Create | Villager (Male) |
| 5:42 | Build | Mill |
| 5:59 | Create | Villager (Male) |
| 6:44 | Research | Feudal Age |
| 7:28 | Build | Barracks |
| 7:29 | Create | Villager (Male) |
| 7:48 | Build | Palisade Wall |
| 7:49 | Build | Palisade Wall |
| 7:56 | Create | Villager (Male) |
| 8:01 | Create | Villager (Male) |
| 8:04 | Build | House |
| 8:07 | Build | Palisade Wall |
| 8:08 | Create | Villager (Male) |
| 8:13 | Create | Villager (Male) |
| 8:21 | Create | Villager (Male) |
| 8:26 | Build | House |
| 8:32 | Build | Palisade Wall |
| 8:47 | Build | Mining Camp |
| 9:00 | Age | Feudal Age |
| 9:45 | Build | Archery Range |
| 9:59 | Create | Villager (Male) |
| 10:09 | Research | Double-Bit Axe |
| 10:17 | Build | House |
| 10:21 | Build | Palisade Wall |
| 10:21 | Create | Villager (Male) |
| 10:32 | Create | Archer |
| 10:34 | Create | Villager (Male) |
| 10:43 | Create | Villager (Male) |
| 10:52 | Create | Archer |
| 11:09 | Create | Villager (Male) |
| 11:12 | Create | Archer |
| 11:13 | Create | Villager (Male) |
| 11:17 | Create | Villager (Male) |
| 11:23 | Create | Villager (Male) |
| 11:31 | Build | Blacksmith |
| 11:35 | Build | Palisade Wall |
| 11:36 | Create | Villager (Male) |
| 11:37 | Create | Archer |
| 11:53 | Create | Villager (Male) |
| 12:13 | Create | Eagle Scout |
| 12:25 | Build | Farm |
| 12:27 | Build | Farm |
| 12:42 | Create | Archer |
| 12:43 | Create | Villager (Male) |
| 12:51 | Create | Villager (Male) |
| 12:56 | Build | Farm |
| 13:03 | Create | Villager (Male) |
| 13:05 | Build | Farm |
| 13:07 | Create | Villager (Male) |
| 13:12 | Build | House |
| 13:19 | Build | Farm |
| 13:26 | Research | Horse Collar |
| 13:35 | Build | House |
| 13:38 | Build | Palisade Gate |
| 13:55 | Build | House |
| 14:05 | Build | Farm |
| 14:08 | Create | Archer |
| 14:10 | Research | Fletching |
| 14:23 | Create | Skirmisher |
| 14:37 | Create | Villager (Male) |
| 14:46 | Build | Lumber Camp |
| 14:46 | Create | Villager (Male) |
| 14:49 | Build | Farm |
| 14:55 | Create | Archer |
| 15:00 | Build | Farm |
| 15:02 | Create | Archer |
| 15:24 | Build | Farm |
| 15:34 | Create | Villager (Male) |
| 15:59 | Create | Archer |
| 16:00 | Create | Villager (Male) |
| 16:02 | Create | Villager (Male) |
| 16:15 | Create | Archer |
| 16:15 | Create | Villager (Male) |
| 16:18 | Build | Farm |
| 16:20 | Build | Farm |
| 16:23 | Build | Farm |
| 16:26 | Build | Farm |
| 16:26 | Create | Villager (Male) |
| 16:29 | Build | Farm |
| 16:29 | Create | Villager (Male) |
| 16:45 | Build | Farm |
| 16:51 | Build | House |
| 16:52 | Build | House |
| 17:05 | Build | Market |
| 17:08 | Create | Villager (Male) |
| 17:25 | Create | Archer |
| 17:54 | Research | Castle Age |
| 18:18 | Create | Villager (Male) |
| 18:25 | Build | Archery Range |
| 18:30 | Research | Gold Mining |
| 18:42 | Create | Archer |
| 18:43 | Create | Villager (Male) |
| 19:11 | Create | Archer |
| 19:22 | Build | Farm |
| 19:25 | Build | Farm |
| 19:31 | Create | Archer |
| 19:44 | Create | Archer |
| 19:46 | Research | Padded Archer Armor |
| 19:51 | Build | Farm |
| 20:06 | Create | Archer |
| 20:36 | Age | Castle Age |
| 20:39 | Build | Siege Workshop |
| 20:40 | Research | Crossbowman (upgrade) |
| 20:43 | Create | Villager (Male) |
| 20:46 | Research | Bow Saw |
| 20:47 | Research | Heavy Plow |
| 20:53 | Research | Bodkin Arrow |
| 21:03 | Create | Villager (Male) |
| 21:07 | Build | House |
| 21:11 | Create | Archer |
| 21:26 | Create | Archer |
| 21:39 | Build | House |
| 22:00 | Create | Battering Ram |
| 22:02 | Build | House |
| 22:05 | Create | Archer |
| 22:21 | Build | Town Center |
| 22:25 | Build | Palisade Wall |
| 22:30 | Build | Palisade Wall |
| 22:32 | Create | Villager (Male) |
| 22:33 | Create | Villager (Male) |
| 22:35 | Create | Archer |
| 22:35 | Create | Archer |
| 22:37 | Create | Villager (Male) |
| 22:42 | Build | House |
| 22:49 | Create | Archer |
| 22:51 | Research | Wheelbarrow |
| 22:51 | Research | Town Watch |
| 23:02 | Create | Villager (Male) |
| 23:08 | Create | Archer |
| 23:08 | Create | Archer |
| 23:16 | Create | Archer |
Match timeline
| 7:28 | Borya · first_building Barracks |
| 7:48 | Borya · wall_segment Palisade Wall x1 |
| 7:49 | Borya · wall_segment Palisade Wall x1 |
| 8:07 | Borya · wall_segment Palisade Wall x6 |
| 8:32 | Borya · wall_segment Palisade Wall x1 |
| 8:41 | Atula King · first_building Barracks |
| 9:00 | Atula King · age_up feudal |
| 9:00 | Borya · age_up feudal |
| 9:45 | Borya · first_building Archery Range |
| 10:19 | Atula King · wall_segment Palisade Wall x6 |
| 10:21 | Borya · wall_segment Palisade Wall x4 |
| 10:24 | Atula King · wall_segment Palisade Wall x6 |
| 11:35 | Borya · wall_segment Palisade Wall x6 |
| 13:13 | Atula King · wall_segment Palisade Wall x8 |
| 13:16 | Atula King · wall_segment Palisade Wall x5 |
| 13:56 | Atula King · wall_segment Palisade Wall x7 |
| 15:25 | Atula King · wall_segment Palisade Wall x5 |
| 17:08 | Atula King · wall_segment Palisade Wall x8 |
| 17:53 | Borya · first_market_sell 100 wood |
| 19:03 | Atula King · wall_segment Palisade Wall x3 |
| 20:36 | Borya · age_up castle |
| 20:39 | Borya · first_building Siege Workshop |
| 21:29 | Atula King · age_up castle |
| 21:46 | Atula King · first_market_sell 100 wood |
| 22:25 | Borya · wall_segment Palisade Wall x1 |
| 22:30 | Borya · wall_segment Palisade Wall x1 |
| 25:31 | Atula King · first_market_buy 100 stone |
| 29:04 | Atula King · first_building Siege Workshop |
| 31:31 | Borya · first_market_buy 100 food |
| 35:24 | Atula King · first_building Castle |
| 37:01 | Borya · resign |
[ AI ANALYSIS · 1 CREDIT ]
What really happened in this match?
Wolo.gg analyzes every decision: build order, eco, micro, common mistakes by bracket. Personalized analysis on WhatsApp or Discord in 30 seconds.
Civ guide
Aztecs
Map guide
Arabia
Perfil
Jugador #294595